 Dungeon Crawl Stone Soup version 0.27.1-1-g398f81649c (webtiles) character file.

Game seed: 12903500620005663937

21 VictoriousLee the Caller (level 2, -1/28 HPs)
             Began as a Barachi Summoner on Sept 9, 2021.
             Slain by a gnoll (8 damage)
             ... on level 2 of the Dungeon.
             The game lasted 00:05:47 (713 turns).

VictoriousLee the Caller (Barachi Summoner)          Turns: 713, Time: 00:05:47

Health: -1/28      AC: 21    Str:  9    XL:     2   Next: 87%
Magic:  1/5        EV:  2    Int: 15    God:
Gold:   29         SH:  0    Dex: 12    Spells: 2/5 levels left

rFire    . . .     SeeInvis .   k - +2 dagger (drain)
rCold    . . .     Faith    .   (no shield)
rNeg     + + +     Spirit   .   (armour currently unavailable)
rPois    +         Reflect  .   (helmet currently unavailable)
rElec    .         Harm     .   (cloak currently unavailable)
rCorr    .         Rampage  .   (gloves currently unavailable)
Will     .....     NoTele   +   (boots currently unavailable)
Stlth    ++........             (no amulet)
HPRegen  0.09/turn              (no ring)
MPRegen  0.09/turn              (no ring)

@: tree-form
A: stationary, stasis, torment immunity, boosted hp, (amphibious), (slowness 1),
(strong legs 1), +LOS
a: no special abilities


You were on level 2 of the Dungeon.
You were a tree.
You visited 1 branch of the dungeon, and saw 2 of its levels.

You collected 29 gold pieces.

Inventory:

Hand Weapons
 c - a +0 club
 k - a +2 dagger of draining (weapon)
Missiles
 b - 20 bolts
 e - 21 poisoned darts
 f - 5 atropa-tipped darts
Armour
 a - a +0 robe (melded)
 h - a +0 leather armour
Scrolls
 d - a scroll of torment
 l - a scroll of identify


   Skills:
 - Level 2.1 Dodging
 - Level 1.7 Stealth
 - Level 2.1 Spellcasting
 + Level 5.8 Summonings


You had 2 spell levels left.
You knew the following spells:

 Your Spells              Type           Power      Damage    Failure   Level
a - Call Imp              Summ           19%        N/A       3%          2
b - Summon Small Mammal   Summ           76%        N/A       1%          1

Your spell library contained the following spells:

 Spells                   Type           Power      Damage    Failure   Level
 Foxfire                  Conj/Fire      4%         2x1d4     22%         1
 Call Canine Familiar     Summ           19%        N/A       6%          3
 Summon Guardian Golem    Hex/Summ       10%        N/A       21%         3
 Conjure Flame            Conj/Fire      1%         6-21      54%         3
 Inner Flame              Hex/Fire       1%         N/A       54%         3
 Summon Lightning Spire   Summ/Air       10%        N/A       54%         4


Dungeon Overview and Level Annotations

Branches:
Dungeon (1/15)

Altars:


Innate Abilities, Weirdness & Mutations

You are a tree.
Your roots penetrate the ground, keeping you stationary.
You cannot be teleported.
You are immune to unholy pain and torment.
Your maximum health is greatly increased.
Your equipment is partially melded.
((You are amphibious.))
((You cover ground slowly.))
((You can hop short distances.))
You have an extended range of vision and can be seen from far away.


Message History

Your crimson imp blinks!
The gnoll barely misses you.
As you read the scroll labelled QOAT KIERU, it crumbles to dust.
It is a scroll of enchant weapon.
Your +1 dagger of draining glows red for a moment.
Your crimson imp hits the goblin.
The goblin dies!
The gnoll hits you from afar with a +0 spear.
* * * LOW HITPOINT WARNING * * *
As you read the scroll labelled VIASIS SIEK, it crumbles to dust.
It is a scroll of amnesia.
Really abort (and waste the scroll)? [Y]es or [N]o only, please.
Really abort (and waste the scroll)?
Okay, then.
The gnoll hits you but does no damage.
Sorry, you're not good enough to have a special ability.
Unknown command.
Throw: 7 darts (atropa)
Press: ? - help, Shift-Dir - straight line, f/p - gnoll
Aim: a gnoll, wielding a +0 spear (ally target, 60% to hit, chance to blind on hit: 100%)
You throw an atropa-tipped dart. The atropa-tipped dart hits the gnoll.
The gnoll appears confused.
Your crimson imp barely misses the gnoll.
Throw: 6 darts (atropa)
Press: ? - help, Shift-Dir - straight line, f - gnoll, p - gnoll
Aim: a gnoll, wielding a +0 halberd (heavily wounded, 60% to hit, chance to blind on hit: 100%)
You throw an atropa-tipped dart. The atropa-tipped dart hits the gnoll.
The gnoll appears confused.
Your crimson imp completely misses the gnoll.
The gnoll barely misses you.
Throw: 22 darts (poison)
Press: ? - help, Shift-Dir - straight line, f/p - gnoll
Aim: a gnoll, wielding a +0 halberd (heavily wounded, 60% to hit)
You throw a poisoned dart. The poisoned dart hits the gnoll.
The gnoll is heavily wounded.
The gnoll seems less confused.
Your crimson imp blinks!
The gnoll hits you from afar with a +0 halberd!
You die...

.. #.# #.# #.##
#... #.. #..
...#.###.#####
......g.†♣...+
#.#.###(##### #g#
#g# #.# #5# ##
#.###.######....#
#....†..5..!.#
#.###.########


You could see 3 gnolls and a friendly crimson imp (summoned).

Vanquished Creatures
  An adder (D:2)
  2 endoplasms
  3 goblins
  A hobgoblin (D:2)
7 creatures vanquished.

Vanquished Creatures (collateral kills)
  2 ball pythons (D:1)
  2 endoplasms (D:1)
  2 goblins (D:2)
  A hobgoblin (D:2)
  A bat (D:1)
  A frilled lizard (D:1)
  A kobold (D:1)
  A rat (D:2)
11 creatures vanquished.

Grand Total: 18 creatures vanquished

Notes
Turn   | Place    | Note
-------+----------+-------------------------------------------
     0 | D:1      | VictoriousLee the Barachi Summoner began the quest for the
                  | Orb.
     0 | D:1      | Reached XP level 1. HP: 13/13 MP: 3/3
   138 | D:1      | Reached skill level 5 in Summonings
   328 | D:1      | Reached XP level 2. HP: 10/19 MP: 3/5
   351 | D:1      | Learned a level 2 spell: Call Imp
   669 | D:1      | You fall into a shaft and drop 1 floor!
   713 | D:2      | Slain by a gnoll

Illustrated notes

Levels and vault maps discovered:
D:1:      roderic_chinese_lattice_arrival, layout_basic
D:2:      layout_basic, serial_curves, eino_curves_01, eino_curves_03,
          dreamdust_ecumenical_altar_drowned_temple, minmay_small_reverse_x,
          uniq_robin

Skill      XL: |  1 |
---------------+----+-----
Summonings     | 5 |  5.8
Dodging        | |  2.1
Stealth        | |  1.7
Spellcasting   | |  2.1

Action                   || total
-------------------------++-------
Melee: Club              ||    14
       Unarmed           ||     3
       Dagger            ||    18
Throw: Dart              ||     3
 Cast: Summon Small Mamm ||     9
       Call Imp          ||     9
  Use: Scroll            ||     4
       Potion            ||     1
Armor: Robe              ||     2
       Skin              ||    17
Dodge: Dodged            ||    23
